 Dungeon Crawl Stone Soup version 0.31.0-32-g396128a36d (webtiles) character file.

Game seed: 5177452584370802417

3822 123awrfd the Summoner (level 9, -1/45 HPs)
             Began as a Felid Summoner on Apr 7, 2024.
             Succumbed to a killer bee's poison
             ... on level 8 of the Dungeon.
             The game lasted 01:10:33 (7224 turns).

123awrfd the Summoner (Felid Summoner)              Turns: 7224, Time: 01:10:33

Health: -1/45      AC:  2    Str:  4    XL:     9   Next: 97%
Magic:  21/21      EV: 20    Int: 23    God:
Gold:   587        SH:  0    Dex: 17    Spells: 9/23 levels left
                                        Lives:  0   Deaths: 3

rFire   . .          .
                       - Unarmed
rCold   . . .        (shield unavailable)
rNeg    . . .        (body armour unavailable)
rPois   .            (helmet unavailable)
rElec   .            (cloak unavailable)
rCorr   .            (gloves unavailable)
SInv    +            (boots unavailable)
Will    +....        (no amulet)
Stlth   +++          (no ring)
HPRegen 1.07/turn    (no ring)
MPRegen 0.17/turn

%: no passive effects
@: lethally poisoned (-1 -> -7), about to teleport, invisible
A: very small, claws 1, fangs 3, see invisible, shaggy fur 2, stealthy paws, no
weapons or thrown items, no armour, multi-lived, regeneration 1, robust 1,
MP-powered wands
a: no special abilities


You were on level 8 of the Dungeon.
You visited 1 branch of the dungeon, and saw 9 of its levels.
You also visited: Ossuary.

You collected 587 gold pieces.

Inventory:

Hand Weapons
 c - a +1 club
Magical Staves
 d - the staff "Nequacva" {rElec rC+ Str+6 Int-5 Air}
   (You found it on level 4 of the Dungeon)

   [staff of air]

   Base accuracy: +5 Base damage: 5 Base attack delay: 1.2 This weapon's minimum
   attack delay (0.6) is reached at skill level 12.
   Str+6:     It affects your strength (+6).
   Int-5:     It affects your intelligence (-5).
   rC+:       It protects you from cold.
   rElec:     It insulates you from electricity.
   Air:       It increases the power of your Air spells.
   It falls into the 'Staves' category.
   It is a two-pawed weapon.
Jewellery
 f - an amulet of regeneration
 g - an amulet of the acrobat
 i - a ring of flight
Wands
 o - a wand of flame (14)
Scrolls
 e - 2 scrolls of poison
 k - a scroll of amnesia
 p - a scroll of brand weapon {unknown}
Potions
 a - a potion of magic
 h - 3 potions of mutation
 l - 3 potions of might
 m - 3 potions of enlightenment
 n - 2 potions of lignification {unknown}


   Skills:
 + Level 1.3 Fighting
 + Level 5.4 Dodging
 + Level 4.9 Stealth
 + Level 2.2 Unarmed Combat
 + Level 7.7 Spellcasting
 + Level 9.3 Summonings
 * Level 5.2 Fire Magic
 + Level 0.9 Air Magic
 + Level 0.4 Evocations


You had 9 spell levels left.
You knew the following spells:

 Your Spells              Type           Power      Damage    Failure   Level
a - Summon Small Mammal   Summ           100%       N/A       1%          1
b - Call Imp              Summ           100%       N/A       1%          2
c - Call Canine Familiar  Summ           51%        N/A       1%          3
d - Summon Blazeheart Go  Fire/Summ      42%        N/A       3%          4
e - Summon Lightning Spi  Summ/Air       32%        N/A       9%          4

Your spell library contained the following spells:

 Spells                   Type           Power      Damage    Failure   Level
 Sandblast                Erth           16%        2d6       7%          1
 Passwall                 Erth           8%         N/A       22%         3
 Stone Arrow              Conj/Erth      16%        3d8       22%         3
 Brom's Barrelling Bould  Conj/Erth      8%         2d3       56%         4


Dungeon Overview and Level Annotations

Branches:
Dungeon (9/15)            Ossuary (visited)
 Temple: D:4-7         Lair: D:8-11         Orc: D:9-12

Altars:
Cheibriados
Qazlal

Annotations:
D:3 Sigmund


Innate Abilities, Weirdness & Mutations

You have sharp claws.
You have razor-sharp teeth.
You have supernaturally acute eyesight. (SInv)
You are covered in thick fur. (AC +2)
Your paws help you pounce on unaware monsters.
You are incapable of wielding weapons or throwing items.
You cannot wear armour.
You gain extra lives every three experience levels.
Your natural rate of healing is unusually fast.
You are robust. (+10% HP)
You expend magic power (3 MP) to strengthen your wands.


Message History

There is a stone staircase leading down here.
You climb downwards.
The killer bee buzzes angrily.
The orc wizard shouts!
The orc shouts!
The killer bee buzzes angrily.
You hear a shout!
The killer bee buzzes angrily.
Found 3 javelins, a runed leather armour and a buckler.
There is a stone staircase leading up here.
The orc wizard gestures at you while chanting.
You resist with almost no effort.
You climb upwards.
There is a stone staircase leading down here.
You climb downwards.
The killer bee barely misses you. The killer bee closely misses you.
The killer bee completely misses you. The killer bee misses you.
The killer bee stings you! The killer bee misses you.
There is a stone staircase leading up here.
The orc priest shouts!
You hear an angry buzzing noise.
The killer bee closely misses you. The killer bee stings you.
You are poisoned.
The killer bee poisons you! The killer bee barely misses you.
The orc closely misses you.
The orc priest mumbles some strange prayers to Beogh against you.
Beogh smites you! The killer bee barely misses you.
The killer bee closely misses you.
You climb upwards.
You feel very sick.
There is a stone staircase leading down here.
As you read the scroll of teleportation, it crumbles to dust.
You feel strangely unstable.
You feel sick. The killer bee stings you. The killer bee barely misses you.
The killer bee stings you. The orc barely misses you.
The killer bee misses you. The killer bee stings you.
The killer bee barely misses you.
You fade into invisibility!
You feel sick. The killer bee stings you!
* * * LOW HITPOINT WARNING * * *
The killer bee stings you!
* * * LOW HITPOINT WARNING * * *
You are more poisoned.
The killer bee poisons you! The killer bee misses you. The orc misses you.
The killer bee closely misses you. x3
You die...

#.......#......#......#.....
#.......#......+......#.....
#.......#..#####......######
###....##..#######..........
#....#.........#..........
#....#.........#..........
#....#.........'..........
##'###.........#..........
#...##...@o##..#..........
#...##..y>y##..##.......#+
#...'....y.#....'.......+.
########..#......#....#.......#.
#.....##..##.<.######.#.......#.
#.....##..##...######.##.....##.
#.....##'###.......#...+.....#..
#.........#........#...#.....#..
#..[..##..#........#...#.....#..


You could see 3 killer bees and an orc (unable to see you).

Vanquished Creatures
  Pikel (D:7)
  Duvessa (D:5)
  An orc warrior (D:8)
  A sky beast (D:7)
  An ogre (D:6)
  2 centaurs (D:7)
  2 lemures (D:7)
  Blork the orc (D:6)
  3 wights (D:8)
  Dowan (D:5)
  A howler monkey (D:7)
  A jelly (D:4)
  An orc priest (D:8)
  Terence (D:3)
  An orc wizard (D:8)
  5 mummies (Ossuary)
  An adder (D:2)
  A gnoll (D:7)
  2 endoplasms
  A giant cockroach (D:2)
  A gnoll zombie (Ossuary)
  2 kobolds (D:8)
  2 bats (D:1)
  A frilled lizard (D:1)
  A hobgoblin zombie (Ossuary)
  A kobold zombie (Ossuary)
  An orc zombie (Ossuary)
  A rat (D:3)
39 creatures vanquished.

Vanquished Creatures (collateral kills)
  Maggie (D:7)
  An ice beast (D:7)
  3 ogres
  A black bear (D:8)
  2 sky beasts
  A phantom (D:5)
  2 kobold brigands
  A bullfrog (D:7)
  A scorpion (D:6)
  A gnoll sergeant (D:8)
  A wight (D:8)
  A howler monkey (D:7)
  6 hounds
  2 bombardier beetles (D:5)
  2 jellies (D:5)
  A gnoll bouda (D:6)
  4 orc priests
  2 iguanas
  2 sleepcaps
  Ijyb (D:5)
  5 orc wizards
  3 mummies (Ossuary)
  13 gnolls
  4 adders
  2 white imps (D:6)
  2 dart slugs
  20 orcs
  A ball python (D:1)
  4 endoplasms
  A giant cockroach (D:4)
  3 gnoll zombies (Ossuary)
  6 goblins
  A hobgoblin (D:4)
  2 quokkas
  5 frilled lizards
  6 kobolds
  A kobold zombie (Ossuary)
  4 rats
119 creatures vanquished.

Vanquished Creatures (others)
  An ice beast (D:7)
  13 blazeheart cores
14 creatures vanquished.

Grand Total: 172 creatures vanquished

Notes
Turn   | Place    | Note
-------+----------+-------------------------------------------
     0 | D:1      | 123awrfd the Felid Summoner began the quest for the Orb.
     0 | D:1      | Reached XP level 1. HP: 9/9 MP: 4/4
   207 | D:1      | Reached XP level 2. HP: 5/13 MP: 3/6
   338 | D:2      | Learned a level 2 spell: Call Imp
   466 | D:2      | Reached XP level 3. HP: 14/16 MP: 5/7
   508 | D:3      | Noticed Sigmund
   515 | D:3      | Succumbed to an adder's poison
   515 | D:3      | Lost a life (0 lives remaining)
   592 | D:3      | Noticed Terence
   618 | D:3      | Killed Terence
   619 | D:3      | Reached XP level 4. HP: 2/21 MP: 7/9
   619 | D:3      | Gained a life (1 life remaining)
   697 | D:3      | Reached skill level 5 in Summonings
   993 | D:4      | Reached XP level 5. HP: 25/25 MP: 5/11
  1003 | D:4      | Learned a level 3 spell: Call Canine Familiar
  1206 | D:4      | Noticed an ogre
  1318 | D:4      | Identified the staff "Nequacva" {rElec rC+ Str+6 Int-5 Air}
  1432 | D:4      | Killed an ogre
  1778 | D:4      | Gained mutation: You are covered in thick fur. (AC +2)
                  | [Felid growth]
  1778 | D:4      | Reached XP level 6. HP: 29/29 MP: 10/13
  1847 | D:5      | Entered Level 5 of the Dungeon
  1940 | D:5      | Found a stormy altar of Qazlal.
  1950 | D:5      | Noticed Duvessa
  1950 | D:5      | Noticed Dowan
  2178 | D:5      | Reached skill level 6 in Summonings
  2207 | D:5      | Noticed Ijyb
  2301 | D:5      | Reached skill level 1 in Fire Magic
  2439 | D:5      | Killed Ijyb
  2453 | D:5      | Reached XP level 7. HP: 7/32 MP: 6/14
  2453 | D:5      | Gained a life (2 lives remaining)
  3221 | D:5      | Reached skill level 7 in Summonings
  3305 | D:5      | Reached skill level 5 in Spellcasting
  3708 | D:5      | Killed Duvessa
  3709 | D:5      | Reached XP level 8. HP: 37/37 MP: 12/16
  3755 | D:5      | Killed Dowan
  3756 | D:5      | Reached skill level 1 in Unarmed Combat
  3892 | D:6      | Learned a level 4 spell: Summon Blazeheart Golem
  4210 | D:6      | Reached skill level 1 in Fighting
  4341 | D:6      | Noticed Blork the orc
  4356 | D:6      | Killed Blork the orc
  4544 | D:7      | Reached skill level 8 in Summonings
  4611 | D:7      | Noticed Maggie
  4648 | D:7      | Killed from afar by Maggie
  4648 | D:7      | Lost a life (1 life remaining)
  4669 | D:7      | Found a sand-covered staircase.
  4728 | Ossuary  | Entered an ossuary
  4813 | Ossuary  | Reached XP level 9. HP: 16/41 MP: 7/19
  5130 | Ossuary  | Gained mutation: You are robust. (+10% HP) [potion of
                  | mutation]
  5130 | Ossuary  | Gained mutation: You expend magic power (3 MP) to
                  | strengthen your wands. [potion of mutation]
  5130 | Ossuary  | Gained mutation: Your natural rate of healing is unusually
                  | fast. [potion of mutation]
  5161 | D:7      | Learned a level 4 spell: Summon Lightning Spire
  5268 | D:7      | Killed Maggie
  5269 | D:7      | Reached skill level 5 in Dodging
  5700 | D:7      | Found a snail-covered altar of Cheibriados.
  5717 | D:7      | Noticed Pikel
  5723 | D:7      | Killed Pikel
  6020 | D:7      | Reached skill level 9 in Summonings
  6360 | D:8      | Slain by an orc warrior
  6360 | D:8      | Lost a life (0 lives remaining)
  6372 | D:8      | Reached skill level 5 in Fire Magic
  7223 | D:8      | HP: 1/45 [killer bee (8)]
  7224 | D:8      | Succumbed to a killer bee's poison

Illustrated notes

Levels and vault maps discovered:
D:1:      dpeg_arrival_rooms_a, layout_basic
D:2:      layout_basic, minmay_distorted, uniq_natasha
D:3:      layout_basic, st_stairs_6, kennysheep_generic_room_10, uniq_sigmund,
          uniq_terence
D:4:      layout_loops_ring, minmay_manual_moon
D:5:      minmay_chambers_of_threes, layout_basic, general_overflow_altar,
          minmay_temple_entry_tees, st_stairs_6, nrook_pool_corridor, uniq_ijyb,
          uniq_duvessa
D:6:      layout_basic, nicolae_overflow_quartered_altars, portal_sewer_entry_d,
          minmay_unpleasant_kobolds, uniq_blork_the_orc
D:7:      layout_basic, kennysheep_slug_shrine, enter_ossuary_1, minivault_1,
          uniq_pikel, uniq_maggie
D:8:      layout_gridville
D:9:      layout_small_grid, kennysheep_little_box

Skill      XL: |  1  2  3  4  5  6  7  8  9 |
---------------+----------------------------+-----
Dodging        | 3 4 5 |  5.4
Spellcasting   | 3 4 5 6 7 |  7.7
Stealth        | 3 4 |  4.9
Summonings     | 5 6 7 8 9 |  9.3
Fire Magic     | 1 2 3 5 |  5.2
Unarmed Combat | 1 2 |  2.2
Fighting       | 1 |  1.3
Air Magic      | |  0.9
Evocations     | |  0.4

Action                     |  1- 3 |  4- 6 |  7- 9 || total
---------------------------+-------+-------+-------++-------
  Melee: Unarmed           |    18 |    16 |    53 ||    87
         Bite              |     1 |       |     8 ||     9
   Cast: Summon Small Mamm |    35 |    67 |    58 ||   160
         Call Imp          |     1 |    17 |    20 ||    38
         Call Canine Famil |       |     9 |    32 ||    41
         Summon Blazeheart |       |       |    25 ||    25
         Summon Lightning  |       |       |     5 ||     5
  Evoke: Wand              |       |       |     6 ||     6
    Use: Scroll            |     3 |     4 |    10 ||    17
         Potion            |       |     1 |     9 ||    10
   Stab: Sleeping          |     1 |       |     1 ||     2
         Paralysed         |       |       |     2 ||     2
         Distracted        |       |       |     2 ||     2
         Invisible         |       |       |     2 ||     2
 Armour: Skin              |    24 |     7 |   108 ||   139
  Dodge: Dodged            |    48 |    25 |   388 ||   461
